 Dungeon Crawl Stone Soup version 0.19-a0-288-g67c72eb (webtiles) character file.

2297 Enish the Cleaver (level 9, 0/51 HPs)
             Began as a Gargoyle Fighter on May 27, 2016.
             Slain by an orc warrior
             ... wielding a +0 halberd
              (13 damage)
             ... on level 7 of the Dungeon.
             The game lasted 00:08:57 (5463 turns).

Enish the Cleaver (Gargoyle Fighter)                Turns: 5463, Time: 00:08:58

Health: 0/51       AC: 18    Str: 24    XL:     9   Next: 40%
Magic:  9/9        EV:  8    Int:  8    God:
Gold:   297        SH: 10    Dex:  9    Spells: 0 memorised, 8 levels left

rFire  + . .     SeeInvis .     a - +0 war axe
rCold  + . .     Gourm    +     B - +3 ring mail of Dogma {rC+ MR+ rCorr}
rNeg   + . .     Faith    .     c - +1 shield
rPois  ∞         Spirit   .     D - +2 hat
rElec  +         Dismiss  .     n - +0 cloak
rCorr  +         Reflect  .     E - +0 pair of gloves
SustAt .         Harm     .     (no boots)
MR     +....                    o - amulet of the gourmand
Stlth  ..........               (no ring)
                                m - ring of protection from fire

@: somewhat resistant to hostile enchantments, extremely unstealthy
A: negative energy resistance 1, electricity resistance, unbreathing,
petrification resistance, rot immunity, AC +5
a: no special abilities


You were on level 7 of the Dungeon.
You were near starving.

You visited 1 branch of the dungeon, and saw 7 of its levels.

You collected 352 gold pieces.
You spent 55 gold pieces at shops.

Inventory:

Hand Weapons
 a - a +0 war axe (weapon)
Armour
 c - a +1 shield (worn)
 n - a +0 cloak (worn)
 y - a +0 helmet
 B - the +3 ring mail of Dogma (worn) {rC+ MR+ rCorr}
   (You found it on level 6 of the Dungeon)

   It protects you from cold.
   It affects your resistance to hostile enchantments.
   It protects you from acid and corrosion.
 D - a +2 hat (worn)
 E - a +0 pair of gloves (worn)
Jewellery
 m - a ring of protection from fire (left hand)
 o - an amulet of the gourmand (around neck)
Wands
 q - a wand of disintegration (6/24)
 A - a wand of polymorph (14/24)
Scrolls
 i - 3 scrolls of random uselessness
 k - 5 scrolls of identify
 p - 2 scrolls of teleportation
 u - 3 scrolls of remove curse
Potions
 d - a potion of might
 e - 3 potions of lignification
 h - a potion of agility
 j - a potion of brilliance
 l - a potion of berserk rage {unknown}
 r - a potion of magic
 s - a potion of flight
 t - a potion of cure mutation {unknown}
 v - a potion of mutation {unknown}
 w - a potion of degeneration {unknown}
 z - a potion of ambrosia
Books
 b - a Necronomicon

   Spells                             Type                      Level
   a - Haunt                          Necromancy/Summoning         7
   b - Borgnjor's Revivification      Necromancy                   8
   c - Death's Door                   Charms/Necromancy            8
   d - Necromutation                  Transmutation/Necromancy     8
Comestibles
 f - 4 bread rations
 g - 5 meat rations
 x - 3 fruits
 C - a slice of pizza


   Skills:
 - Level 3.2 Fighting
 * Level 11.2 Axes
 - Level 3.2 Armour
 - Level 3.2 Shields


You had 8 spell levels left.
You didn't know any spells.

Dungeon Overview and Level Annotations

Branches:
Dungeon (7/15)             Temple (0/1) D:5

Altars:
Ashenzari
Cheibriados
Elyvilon
Hepliaklqana
Makhleb
Nemelex Xobeh
Ru
Sif Muna
Ukayaw
Yredelemnul
Zin
The Shining One

Shops:
D:6 *


Innate Abilities, Weirdness & Mutations

You are resistant to torment.
Your stone body is resilient (AC +5).
You are immune to poison.
You resist negative energy. (rN+)
You are resistant to electric shocks. (rElec)
You can survive without breathing.
You are immune to petrification.
You are immune to rotting.


Message History

The orc warrior hits you with a halberd.
* * * LOW HITPOINT WARNING * * *
You hit the orc warrior but do no damage.
The orc warrior is heavily wounded.
The orc warrior closely misses you.
Unknown command.
You hit the orc warrior.
The orc warrior is heavily wounded.
You block the orc warrior's attack.
You closely miss the orc warrior.
The orc warrior is heavily wounded.
You block the orc warrior's attack.
Unknown command.
You closely miss the orc warrior.
The orc warrior is heavily wounded.
You block the orc warrior's attack.
You hit the orc warrior but do no damage.
The orc warrior is heavily wounded.
The orc warrior hits you with a halberd!
You die...

#..# #?.# #..###
.... .!.## #
##...##$#
#.###.#.).....##
#..)...<@o......
#####..##.###.##
..... .# ####.#
.# #. .# #. .# #
.# .#


You could see an orc warrior.

Vanquished Creatures
  The ghost of Arkorax the Covert, a novice NaAs (D:6)
  Grinder (D:5)
  An ice beast (D:5)
  An orc warrior (D:6)
  Purgy (D:3)
  An ogre (D:5)
  3 centaurs
  2 giant frogs (D:6)
  2 scorpions
  A howler monkey (D:5)
  A crimson imp (D:5)
  2 hounds
  A jelly (D:6)
  An orc priest (D:4)
  A centaur skeleton (D:5)
  2 orc wizards (D:5)
  An iguana (D:4)
  Natasha (thrice) (D:2)
  4 worker ants
  2 hound skeletons
  2 howler monkey skeletons
  4 gnolls (D:5)
  12 adders
  A shadow imp (D:6)
  An ooze (D:4)
  An adder zombie (D:6)
  2 adder skeletons (D:3)
  6 worms
  5 dart slugs
  2 giant geckos
  23 orcs
  4 giant cockroaches
  5 goblins
  4 hobgoblins
  14 jackals
  12 kobolds
  2 quokkas
  3 ball pythons
  5 bats
  A giant cockroach zombie (D:5)
  2 giant gecko skeletons (D:3)
  6 giant newts
  3 quokka skeletons (D:3)
  7 rats
159 creatures vanquished.

Notes
Turn   | Place    | Note
--------------------------------------------------------------
     0 | D:1      | Enish the Gargoyle Fighter began the quest for the Orb.
     0 | D:1      | Reached XP level 1. HP: 14/14 MP: 1/1
    25 | D:1      | Reached skill level 2 in Axes
   262 | D:1      | Reached XP level 2. HP: 17/19 MP: 2/2
   648 | D:1      | Reached skill level 3 in Axes
   661 | D:1      | Reached XP level 3. HP: 13/23 MP: 3/3
  1190 | D:2      | Noticed Natasha
  1199 | D:2      | Killed Natasha
  1199 | D:2      | Reached skill level 4 in Axes
  1199 | D:2      | Reached XP level 4. HP: 17/28 MP: 4/4
  1249 | D:2      | Found a sacrificial altar of Ru.
  1292 | D:2      | Noticed Natasha
  1299 | D:2      | Killed Natasha
  1307 | D:2      | Reached XP level 5. HP: 31/32 MP: 5/5
  1308 | D:2      | Noticed Natasha
  1316 | D:2      | Killed Natasha
  1385 | D:2      | Found a snail-covered altar of Cheibriados.
  1650 | D:3      | Reached skill level 5 in Axes
  1829 | D:3      | Noticed a centaur
  1847 | D:3      | Killed a centaur
  1847 | D:3      | Reached XP level 6. HP: 15/37 MP: 6/6
  1920 | D:3      | Noticed Purgy
  1947 | D:3      | Killed Purgy
  1947 | D:3      | Reached skill level 6 in Axes
  1984 | D:3      | Found a sparkling altar of Nemelex Xobeh.
  2076 | D:3      | Found a shattered altar of Ashenzari.
  2296 | D:3      | Found a deep blue altar of Sif Muna.
  2359 | D:4      | Reached XP level 7. HP: 41/41 MP: 7/7
  2513 | D:4      | Reached skill level 7 in Axes
  2533 | D:4      | Found a basalt altar of Yredelemnul.
  2542 | D:4      | Found a glowing golden altar of the Shining One.
  2726 | D:4      | Found a white marble altar of Elyvilon.
  2901 | D:4      | Noticed an angel
  2958 | D:5      | Entered Level 5 of the Dungeon
  3154 | D:5      | Found a staircase to the Ecumenical Temple.
  3209 | D:5      | Reached skill level 8 in Axes
  3450 | D:5      | Reached XP level 8. HP: 46/46 MP: 8/8
  3451 | D:5      | Noticed Grinder
  3465 | D:5      | HP: 1/69 [orc wizard/magic dart (8)]
  3472 | D:5      | Paralysed by Grinder for 7 turns
  3484 | D:5      | Paralysed by Grinder for 4 turns
  3507 | D:5      | Killed Grinder
  3507 | D:5      | Reached skill level 9 in Axes
  3885 | D:5      | Found a glowing silver altar of Zin.
  4136 | D:6      | Found a hide-covered altar to Ukayaw.
  4244 | D:6      | Noticed Arkorax's ghost (novice NaAs)
  4308 | D:6      | Reached skill level 10 in Axes
  4338 | D:6      | Got a brightly glowing ring mail
  4349 | D:6      | Identified the +3 ring mail of Dogma {rC+ MR+ rCorr} (You found it on level 6 of the Dungeon)
  4428 | D:6      | Found a burning altar of Makhleb.
  4429 | D:6      | Found a hazy altar of Hepliaklqana.
  4594 | D:6      | Killed Arkorax's ghost
  4594 | D:6      | Reached XP level 9. HP: 8/51 MP: 9/9
  4951 | D:6      | Reached skill level 11 in Axes
  4958 | D:6      | Found Rannawno's General Store.
  4966 | D:6      | Bought a scroll of teleportation for 33 gold pieces
  4966 | D:6      | Bought a scroll of identify for 22 gold pieces
  5463 | D:7      | Slain by an orc warrior

Vault maps used:
D:1:      erik_arrival_cave_to_civilisation
D:2:      kennysheep_slug_shrine, nicolae_ru_sacrificial_ziggurat, uniq_natasha
D:3:      marbit_many_paths, lemuel_blue_sif_altar, nemelex_deck, serial_undead,
          serial_undead_a, serial_undead_d, serial_undead_c, serial_undead_f,
          serial_undead_c, serial_undead_e, serial_undead_c, minmay_ruptured,
          uniq_purgy
D:4:      grunt_temple_overflow_holy_war, elyvilon_altar_1
D:5:      lemuel_doored_altar, first_bread, uniq_grinder
D:6:      lemuel_crystal_altar, gammafunk_temple_overflow_statue, serial_shops,
          shop
D:7:      xom_shifter_show, uniq_joseph

Skill      XL: |  1  2  3  4  5  6  7  8  9 |
---------------+----------------------------+-----
Axes           | 2 3 4 5 6 8 10 11 | 11.2
Fighting       | |  3.2
Armour         | |  3.2
Shields        | |  3.2

Action                   |  1- 3 |  4- 6 |  7- 9 || total
-------------------------+-------+-------+-------++-------
Melee: War axe           |    99 |   193 |   299 ||   591
  Use: Scroll            |     3 |     4 |       ||     7
       Potion            |       |     1 |     8 ||     9
  Eat: Chunk             |       |     7 |     6 ||    13
       Fruit             |       |       |     1 ||     1
Armor: Scale mail        |    92 |   161 |   141 ||   394
       Skin              |       |       |    35 ||    35
       Ring mail         |       |       |    21 ||    21
Dodge: Dodged            |    40 |    89 |   101 ||   230
Block: Shield            |    63 |   116 |   181 ||   360
